 Dungeon Sprint DCSS version 0.29.1-2-gbd0b4ee654 (webtiles) character file.

Game seed: 1974976493338984615

1766 Zeld the Severer (level 8, -16/123 HPs)
             Began as a Minotaur Berserker on Nov 3, 2022.
             Was an Elder of Trog.
             Demolished by a hornet (17 damage)
             ... in the Dungeon (Sprint II: "The Violet Keep of Menkaure").
             The game lasted 00:03:01 (1110 turns).

Zeld the Severer (Minotaur Berserker)               Turns: 1110, Time: 00:03:02

Health: -16/123    AC:  2    Str: 24    XL:     8   Next: 79%
Magic:  6/6        EV: 15    Int:  4    God:    Trog [****..]
Gold:   49         SH:  0    Dex: 10    Spells: 7/7 levels left

rFire   . . .      SeeInvis .   a - +2 broad axe (holy)
rCold   . . .      Faith    .   (no shield)
rNeg    . . .      Spirit   .   b - +0 animal skin
rPois   .          Reflect  .   (helmet restricted)
rElec   .          Harm     .   (no cloak)
rCorr   .          Rampage  .   (no gloves)
Will    ++...      NoTele   +   (no boots)
Stlth   ..........              (no amulet)
HPRegen 1.30/turn               (no ring)
MPRegen 0.10/turn               (no ring)

@: berserking, lethally poisoned (-16 -> -34), strong-willed (expiring),
regenerating (expiring), slowed
A: horns 2, retaliatory headbutt, low MP 1
a: Renounce Religion, Berserk, Trog's Hand, Brothers in Arms


You were in the Dungeon.
You worshipped Trog.
Trog was greatly pleased with you.
You visited 1 branch You collected 972 gold pieces.
You spent 923 gold pieces at shops.

Inventory:

Hand Weapons
 a - a +2 broad axe of holy wrath (weapon)
Armour
 b - a +0 animal skin (worn)
Scrolls
 j - a scroll of fear
Potions
 c - 10 potions of curing
 d - a potion of heal wounds
 e - a potion of haste
 f - 2 potions of magic
 g - a potion of berserk rage
 i - 2 potions of might


   Skills:
 + Level 11.3 Fighting
 * Level 15.1 Axes
 + Level 10.9 Armour
 + Level 10.0 Dodging


You had 7 spell levels left.
You didn't know any spells.
Your spell library was empty.

Dungeon Overview and Level Annotations

Branches:
Dungeon (1/1)

Altars:
Dithmenos
Elyvilon
Fedhas
Gozag
Kikubaaqudgha
Makhleb
Nemelex Xobeh
Okawaru
Qazlal
Ru
Sif Muna
Trog
Uskayaw
Vehumet
Wu Jian
Xom
Yredelemnul
Zin
The Shining One
Jiyva
Lugonu

Shops:
D ![:?([((!:![*==

Annotations:
D exclusions: ice statue and oklob plant


Innate Abilities, Weirdness & Mutations

You have a pair of horns on your head.
You reflexively headbutt those who attack you in melee.
Your magical capacity is low. (-10% MP)


Message History

You feel yourself slow down.
You feel extremely sick.
The hornet is engulfed in a cloud of scalding steam.
Your Fighting skill increases to level 11!
Your Axes skill increases to level 14!
Your Armour skill increases to level 10!
Unknown command.
You slice the polar bear!!
The polar bear is severely wounded.
You feel extremely sick.
The polar bear goes berserk!
Unknown command.
You slash the polar bear! You headbutt the polar bear.
You kill the polar bear!
Trog accepts your kill.
You barely miss the hornet.
* * * LOW HITPOINT WARNING * * *
You feel extremely sick. The hornet closely misses you.
The yaktaur wields a +0 arbalest.
The yaktaur shoots a bolt.
The bolt hits you!
* * * LOW HITPOINT WARNING * * *
Your Axes skill increases to level 15!
Your Dodging skill increases to level 10!
Unknown command.
You closely miss the hornet. You headbutt the hornet!!
The hornet is severely wounded.
* * * LOW HITPOINT WARNING * * *
You feel extremely sick. The hornet misses you.
Unknown command.
Unknown command.
You slice the yaktaur!! You headbutt the yaktaur!
You kill the yaktaur!
Trog accepts your kill.
You hit the hornet. You completely miss the swamp drake.
* * * LOW HITPOINT WARNING * * *
You feel extremely sick. The hornet barely misses you.
The swamp drake closely misses you. The hornet stings you!
You die...

~~~.........#,,+,,,,*,,*,,*,,,,,,
~~~~.##'##..#,,***#.*,.*,,*,,,,,,
~~~~##...##.####,,+^##.*,,*,,,,,,
~~~~#..##.#....#,,*...#*##*,,,,,,
~~######.####..##**#.k#*$#*,,,,,,
~##.###'###.##..#,,+.○#,y#*,,,,,,
~#...##.##..##..#,,#.k#,h#*,,,,,,
~'.##'.<.†##.+..####°.##°#*,,[,,,
~###.##.##..##..@y###°°°##▓▓▓▓***
~##.###'###.##..§k..~~~~°~~~~~~~~
~~####...####~~.§...~#+########+*
#~~~#..#).#§§§~§~§..~#..._._._#~~
#÷#~##...##~~~~~~§~.~#_._._._.#~~
#)#~~##+##~~~≈≈≈§~~~~#._._._._#~~
####~~~~~~~§~~§§≈§§~~#_._._._.#~~
,*,#+++#+++#~≈≈§≈≈≈≈~#._._._..#~~
,***,zzzz.,##≈≈§###≈≈#_._._...*~~


You could see a hornet and a swamp drake.

Vanquished Creatures
  A death drake (D)
  A merfolk siren (D)
  A yaktaur (D)
  A polar bear (D)
  3 neqoxecs (D)
  4 scorpions (D)
  A hell rat (D)
  3 worms (D)
15 creatures vanquished.

Vanquished Creatures (others)
  A polar bear (D)
  A neqoxec (D)
  Menkaure (D)
  2 water moccasins (D)
5 creatures vanquished.

Grand Total: 20 creatures vanquished

Notes
Turn   | Place    | Note
-------+----------+-------------------------------------------
     0 | D        | Zeld the Minotaur Berserker began the quest for the Orb.
     0 | D        | Reached XP level 1. HP: 19/19 MP: 0/0
     1 | D        | Noticed a neqoxec
     1 | D        | Noticed a neqoxec
     5 | D        | Noticed a neqoxec
     9 | D        | Killed a neqoxec
    10 | D        | Reached skill level 8 in Axes
    10 | D        | Reached skill level 5 in Armour
    10 | D        | Reached skill level 5 in Dodging
    10 | D        | Reached XP level 2. HP: 27/31 MP: 1/1
    10 | D        | Reached XP level 3. HP: 34/38 MP: 2/2
    10 | D        | Reached XP level 4. HP: 39/45 MP: 3/3
    12 | D        | Killed a neqoxec
    12 | D        | Reached ** piety under Trog
    13 | D        | Reached skill level 10 in Axes
    13 | D        | Reached XP level 5. HP: 46/52 MP: 4/4
    18 | D        | Killed a neqoxec
    19 | D        | Reached skill level 11 in Axes
    19 | D        | Reached XP level 6. HP: 50/62 MP: 5/5
    20 | D        | Noticed a neqoxec
    20 | D        | Noticed a water moccasin
    21 | D        | Noticed an ice statue
    23 | D        | Killed a water moccasin
    23 | D        | Gained mutation: Your magical capacity is low. (-10% MP) [a
                  | neqoxec]
    23 | D        | Killed a neqoxec
    32 | D        | Killed Menkaure
   105 | D        | Found Woshris's Jewellery Shoppe.
   105 | D        | Found Kirghokke's Jewellery Emporium.
   207 | D        | Killed a water moccasin
   226 | D        | Found Allaget's Distillery.
   226 | D        | Found Fasev's Distillery.
   226 | D        | Found Deozuydudo's Assorted Antiques.
   226 | D        | Found Zeakoeh's Book Shoppe.
   538 | D        | Noticed a merfolk siren
   551 | D        | Killed a merfolk siren
   551 | D        | Reached *** piety under Trog
   552 | D        | Reached skill level 12 in Axes
   552 | D        | Reached XP level 7. HP: 53/70 MP: 5/5
   715 | D        | Reached skill level 13 in Axes
   719 | D        | Reached skill level 10 in Fighting
   721 | D        | Reached **** piety under Trog
   855 | D        | Found Riply's Antique Weapon Shoppe.
   855 | D        | Found Onkenamp's Antique Armour Shoppe.
   856 | D        | Found Suagiuge's Antique Weapon Shoppe.
   856 | D        | Found Eboasoux's Antique Armour Emporium.
  1006 | D        | Found Jek Unwu's Weapon Emporium.
  1006 | D        | Found Daovvy's Magic Scroll Shoppe.
  1006 | D        | Noticed an oklob plant
  1007 | D        | Found Tyamahuv's Antique Armour Shoppe.
  1007 | D        | Found Abukuhegh's Book Shoppe.
  1007 | D        | Found Hoing's Distillery.
  1011 | D        | Noticed a fire dragon
  1015 | D        | Bought a potion of curing for 30 gold pieces
  1015 | D        | Bought 2 potions of curing for 60 gold pieces
  1015 | D        | Bought a potion of curing for 30 gold pieces
  1015 | D        | Bought 2 potions of might for 80 gold pieces
  1016 | D        | Bought a potion of curing for 42 gold pieces
  1016 | D        | Bought a potion of heal wounds for 70 gold pieces
  1017 | D        | Bought a potion of heal wounds for 135 gold pieces
  1031 | D        | Bought a glowing broad axe for 196 gold pieces
  1039 | D        | Bought a potion of curing for 33 gold pieces
  1039 | D        | Bought a potion of curing for 33 gold pieces
  1039 | D        | Bought a potion of curing for 33 gold pieces
  1039 | D        | Bought 2 potions of curing for 66 gold pieces
  1043 | D        | Bought a scroll of fear for 40 gold pieces
  1043 | D        | Bought a scroll of magic mapping for 75 gold pieces
  1056 | D        | Noticed a flying skull
  1056 | D        | Noticed a flying skull
  1058 | D        | Noticed a flying skull
  1058 | D        | Noticed a flying skull
  1058 | D        | Noticed a flying skull
  1062 | D        | Noticed a flying skull
  1062 | D        | Noticed a flying skull
  1063 | D        | Noticed a flying skull
  1063 | D        | Noticed a flying skull
  1063 | D        | Noticed a flying skull
  1063 | D        | Noticed a flying skull
  1063 | D        | Noticed a flying skull
  1082 | D        | Found a glowing golden altar of the Shining One.
  1082 | D        | Found an ornate altar of the Wu Jian Council.
  1083 | D        | Found a shimmering altar of Xom.
  1083 | D        | Found a sacrificial altar of Ru.
  1084 | D        | Found a basalt altar of Yredelemnul.
  1084 | D        | Found a shimmering blue altar of Sif Muna.
  1085 | D        | Found a glowing silver altar of Zin.
  1085 | D        | Found a bloodstained altar of Trog.
  1085 | D        | Found an ancient bone altar of Kikubaaqudgha.
  1085 | D        | Found a stormy altar of Qazlal.
  1085 | D        | Found a viscous altar of Jiyva.
  1086 | D        | Found a hide-covered altar of Uskayaw.
  1086 | D        | Found a corrupted altar of Lugonu.
  1086 | D        | Found a shadowy altar of Dithmenos.
  1087 | D        | Found a radiant altar of Vehumet.
  1087 | D        | Found a burning altar of Makhleb.
  1087 | D        | Found a white marble altar of Elyvilon.
  1089 | D        | Found a sparkling altar of Nemelex Xobeh.
  1089 | D        | Found a blossoming altar of Fedhas.
  1090 | D        | Found an iron altar of Okawaru.
  1090 | D        | Found an opulent altar of Gozag.
  1091 | D        | Noticed a yaktaur
  1091 | D        | Noticed a hornet
  1091 | D        | Noticed a polar bear
  1091 | D        | Noticed a polar bear
  1093 | D        | Noticed a death drake
  1096 | D        | Killed a polar bear
  1097 | D        | Reached XP level 8. HP: 26/79 MP: 6/6
  1106 | D        | Killed a death drake
  1107 | D        | Reached skill level 14 in Axes
  1107 | D        | Reached skill level 10 in Armour
  1108 | D        | Killed a polar bear
  1109 | D        | Reached skill level 15 in Axes
  1109 | D        | Reached skill level 10 in Dodging
  1110 | D        | Killed a yaktaur
  1110 | D        | HP: 1/123 [poison (dark miasma)]
  1110 | D        | Demolished by a hornet

Illustrated notes

Levels and vault maps discovered:
D:        the_violet_keep_of_menkaure [sprint2_stairs_cluster_1,
          sprint2_shoproom, sprint2_temple, sprint2_basic_supplies,
          sprint2_obstacle_1, sprint2_obstacle_4, sprint2_obstacle_2,
          sprint2_obstacle_6, sprint2_obstacle_3, sprint2_timed_cluster_1,
          sprint2_smallroom_cluster_1, sprint2_smallroom_final_cluster_1,
          sprint2_transparent_cluster_1, sprint2_second_timed_cluster_1,
          sprint2_sniper_area_1, sprint2_heavy_combat_area_1,
          sprint2_mutation_trap_area_1, sprint2_forest_area_1,
          sprint2_light_combat_area_1, sprint2_behind_water_1,
          sprint2_near_end_vault_1]

Skill      XL: |  1  2  3  4  5  6  7  8 |
---------------+-------------------------+-----
Fighting       | 6 7 8 9 10 11 | 11.3
Axes           | 8 10 11 12 13 15 | 15.1
Armour         | 5 6 7 9 10 | 10.9
Dodging        | 5 6 7 8 9 10 | 10.0

Action                   |  1- 3 |  4- 6 |  7- 9 || total
-------------------------+-------+-------+-------++-------
Melee: Hand axe          |     7 |    22 |    15 ||    44
       Headbutt          |     1 |     5 |     8 ||    14
       Punch             |       |     1 |       ||     1
       Broad axe         |       |       |    11 ||    11
Invok: Berserk           |     1 |     1 |     3 ||     5
       Trog's Hand       |       |     2 |     1 ||     3
  Use: Scroll            |       |       |     2 ||     2
       Potion            |       |       |     3 ||     3
Dodge: Dodged            |     1 |     5 |    10 ||    16
